 Dungeon Crawl Stone Soup version 0.24.1-8-ga250c9d538 (webtiles) character file.

Game seed: 944534948746288985, levelgen mode: deterministic

510 lepoulpe303 the Stinger (level 7, 0/41 HPs)
             Began as an Octopode Venom Mage on May 1, 2020.
             Slain by a two-headed ogre
             ... wielding a +0 giant club
              (18 damage)
             ... on level 5 of the Dungeon.
             The game lasted 00:11:29 (4749 turns).

lepoulpe303 the Stinger (Octopode Venom Mage)       Turns: 4749, Time: 00:11:29

Health: 0/41       AC:  1    Str:  8    XL:     7   Next: 19%
Magic:  8/12       EV: 14    Int: 19    God:
Gold:   190        SH:  0    Dex: 12    Spells: 3/13 levels left

rFire    . . .     SeeInvis .   a - +0 dagger (elec)
rCold    . . .     Gourm    .   (no shield)
rNeg     . . .     Faith    .   (helmet restricted)
rPois    .         Spirit   .   (no amulet)
rElec    .         Reflect  .   (no ring)
rCorr    .         Harm     .   (no ring)
MR       .....                  (no ring)
Stlth    ++++......             (no ring)
HPRegen  0.13/turn              (no ring)
MPRegen  0.13/turn              (no ring)
                                (no ring)
                                (no ring)

@: radiating poison
A: almost no armour, stealthy swim, amphibious, 8 rings, constrict 8, camouflage
1, gelatinous body 1
a: no special abilities


You were on level 5 of the Dungeon.
You were not hungry.

You visited 1 branch of the dungeon, and saw 5 of its levels.

You collected 190 gold pieces.

Inventory:

Hand Weapons
 a - a +0 dagger of electrocution (weapon)
Missiles
 o - 13 poisoned darts
 v - 8 silver javelins (quivered)
Jewellery
 s - a +4 ring of evasion {unknown}
Wands
 m - a wand of iceblast (9)
Scrolls
 b - a scroll of blinking {unknown}
 f - 4 scrolls of remove curse {unknown}
 g - 2 scrolls of immolation {unknown}
 h - 7 scrolls of identify {unknown}
 i - 4 scrolls of magic mapping {unknown}
 j - 2 scrolls of enchant armour {unknown}
 k - a scroll of fog {unknown}
 n - 7 scrolls of teleportation {unknown}
 q - a scroll of noise {unknown}
Potions
 c - a potion of degeneration {unknown}
 d - 2 potions of flight {unknown}
 l - 3 potions of curing {unknown}
 r - a potion of invisibility {unknown}
 t - a potion of heal wounds {unknown}
 u - a potion of cancellation {unknown}
Comestibles
 e - 7 rations
 p - a chunk of flesh


   Skills:
 + Level 2.0 Short Blades
 + Level 3.1 Dodging
 + Level 4.5 Stealth
 * Level 3.6 Spellcasting
 * Level 3.5 Conjurations
 * Level 5.4 Poison Magic


You had 3 spell levels left.
You knew the following spells:

 Your Spells              Type           Power        Failure   Level  Hunger
a - Sting                 Conj/Pois      ###.         2%          1    None
b - Poisonous Vapours     Pois/Air       ##....       7%          2    ##.....
c - Olgreb's Toxic Radia  Pois           ###.....     16%         4    ####...
x - Mephitic Cloud        Conj/Pois/Air  ##......     13%         3    ###....

Your spell library contained the following spells:

 Spells                   Type           Power        Failure   Level  Hunger
 Confusing Touch          Hex            #.....       14%         1    None
 Confuse                  Hex            #.......     41%         3    ###....
 Gell's Gravitas          Tloc           #.........   41%         3    ###....
 Venom Bolt               Conj/Pois      ###.......   54%         5    ######.
 Petrify                  Tmut/Erth      #.......     82%         4    ####...
 Metabolic Englaciation   Hex/Ice        #.........   99%         5    ######.
 Yara's Violent Unravell  Hex/Tmut       #.........   99%         5    ######.


Dungeon Overview and Level Annotations

Branches:
Dungeon (5/15)
 Temple: D:4-7

Altars:
Zin


Innate Abilities, Weirdness & Mutations

You cannot wear most types of armour.
You are very stealthy in the water. (Stealth+)
You are amphibious.
You can wear up to eight rings at the same time.
You can use your tentacles to constrict eight enemies at once.
Your skin changes colour to match your surroundings (Stealth+).
Your rubbery body absorbs attacks. (AC +1, EV +1)


Message History

l - 3 bubbling amethyst potions (gained 1)
You open the door.
There is an open door here.
You open the door.
There is an open door here.
A two-headed ogre comes into view.
It is wielding a +0 giant club and a +0 giant spiked club.
A jelly comes into view.
Some of the chunks of flesh in your inventory have rotted away.
The helpless two-headed ogre fails to defend itself.
You impale the two-headed ogre!!
Lightning courses through the two-headed ogre!
The two-headed ogre closely misses you. The two-headed ogre barely misses you.
Okay, then.
You begin to radiate toxic energy.
The two-headed ogre is poisoned.
The two-headed ogre looks even sicker.
The two-headed ogre hits you with a +0 giant club!!
Ouch! That really hurt!
* * * LOW HITPOINT WARNING * * *
The two-headed ogre hits you with a +0 giant spiked club!!
You die...

..####.###.#
..'........####
..####.#.(....#
..####........+
..............#
..............#####
..................#
..#####...........#
..+ +.........@.+
..# #..........O#
### #...........#
#......#.....
#......#......
#######.......
+..?.....
#.......J.


You could see a two-headed ogre and a jelly (sleeping).

Levels and vault maps discovered:
D:1:      dpeg_arrival_subterranean_lakeside_camping, layout_loops_ring
D:2:      layout_loops_ring
D:3:      layout_basic, zin_angel, st_stairs_3, uniq_natasha, uniq_ijyb
D:4:      layout_loops_ring, minmay_starry_boxes
D:5:      layout_basic, first_ration, uniq_menkaure, uniq_prince_ribbit1

Notes
Turn   | Place    | Note
-------+----------+-------------------------------------------
     0 | D:1      | lepoulpe303 the Octopode Venom Mage began the quest for the
                  | Orb.
     0 | D:1      | Reached XP level 1. HP: 11/11 MP: 3/3
    25 | D:1      | Identified a +0 dagger
   190 | D:1      | Reached XP level 2. HP: 13/17 MP: 5/5
   197 | D:1      | Learned a level 2 spell: Poisonous Vapours
   414 | D:1      | Identified a cursed -2 dagger
   416 | D:1      | Identified a +0 club
   422 | D:1      | HP: 4/17 [goblin/+0 club (4)]
   794 | D:1      | Reached skill level 4 in Poison Magic
   810 | D:1      | Identified a +0 club
   856 | D:1      | Identified a +0 club
   858 | D:1      | Reached XP level 3. HP: 21/21 MP: 6/6
   863 | D:1      | Learned a level 3 spell: Mephitic Cloud
  1094 | D:2      | Identified a +0 dagger
  1096 | D:2      | Reached skill level 3 in Stealth
  1288 | D:2      | Identified a +0 club
  1488 | D:2      | Identified a +0 dagger of electrocution
  1544 | D:2      | Identified a +0 club
  1693 | D:2      | Reached skill level 2 in Conjurations
  1693 | D:2      | Reached XP level 4. HP: 27/27 MP: 7/7
  1965 | D:3      | Identified a +0 morningstar
  2044 | D:3      | Identified a cursed +0 dagger
  2044 | D:3      | Identified a +0 scale mail
  2044 | D:3      | Noticed Ijyb
  2055 | D:3      | Killed Ijyb
  2272 | D:3      | Identified a +0 dagger
  2304 | D:3      | Found a glowing silver altar of Zin.
  2305 | D:3      | Identified a +0 flail of holy wrath
  2305 | D:3      | Noticed an angel
  2395 | D:3      | Reached skill level 1 in Short Blades
  2486 | D:3      | Reached XP level 5. HP: 16/31 MP: 7/9
  2700 | D:3      | Identified a +0 spear
  2784 | D:3      | Noticed Natasha
  2791 | D:3      | Killed Natasha
  3128 | D:3      | Noticed Natasha
  3138 | D:3      | Killed Natasha
  3138 | D:3      | Reached skill level 3 in Spellcasting
  3201 | D:3      | Noticed Natasha
  3205 | D:3      | Killed Natasha
  3205 | D:3      | Reached XP level 6. HP: 36/36 MP: 1/10
  3211 | D:3      | Learned a level 4 spell: Olgreb's Toxic Radiance
  3324 | D:4      | Reached skill level 4 in Stealth
  3617 | D:4      | Noticed a phantom
  3654 | D:4      | HP: 7/36 [quokka (5)]
  3673 | D:4      | HP: 6/36 [quokka (4)]
  3948 | D:4      | Identified a +0 war axe
  3949 | D:4      | Identified a +0 flail
  3949 | D:4      | Identified a +0 leather armour
  3954 | D:4      | Reached skill level 3 in Conjurations
  3954 | D:4      | Reached skill level 5 in Poison Magic
  3954 | D:4      | Identified a +0 ring mail
  3956 | D:4      | Identified a +0 dagger
  3956 | D:4      | Identified a +0 leather armour
  4207 | D:4      | Identified a cursed -2 whip
  4210 | D:4      | Identified a +0 spear
  4233 | D:4      | Reached skill level 3 in Dodging
  4407 | D:4      | Identified a +0 mace
  4411 | D:4      | Reached XP level 7. HP: 34/41 MP: 8/12
  4414 | D:4      | Reached skill level 2 in Short Blades
  4659 | D:5      | Entered Level 5 of the Dungeon
  4741 | D:5      | Identified a +0 giant club
  4741 | D:5      | Identified a +0 giant spiked club
  4741 | D:5      | Noticed a two-headed ogre
  4749 | D:5      | Slain by a two-headed ogre

Table legend:
 A = Turns spent in this place as a percentage of turns spent in the entire game.
 B = Non-inter-level travel turns spent in this place as a percentage of non-inter-level travel turns spent in the entire game.
 C = Inter-level travel turns spent in this place as a percentage of turns spent in this place.
 D = Turns resting spent in this place as a percentage of non-inter-level travel turns spent in this place.
 E = Turns spent auto-exploring this place as a percentage of non-inter-level travel turns spent in this place.
 F = Non-inter-level travel turns spent in this place divided by the number of levels of this place that you've seen.
                   A       B       C       D       E      F
               +-------+-------+-------+-------+-------+----------------------
         Total | 100.0 | 100.0 |   1.9 |  37.7 |  44.1 | 931.4
       Dungeon | 100.0 | 100.0 |   1.9 |  37.7 |  44.1 | 931.4
               +-------+-------+-------+-------+-------+----------------------

Table legend:
 A = Kills in this place as a percentage of kills in entire the game.
 B = Kills by you in this place as a percentage of kills by you in the entire game.
 C = Kills by friends in this place as a percentage of kills by friends in the entire game.
 D = Other kills in this place as a percentage of other kills in the entire game.
 E = Experience gained in this place as a percentage of experience gained in the entire game.
 F = Experience gained in this place divided by the number of levels of this place that you have seen.
                   A       B       C       D       E      F
               +-------+-------+-------+-------+-------+----------------------
         Total | 100.0 | 100.0 |   N/A |   N/A | 100.0 | 145.8
       Dungeon | 100.0 | 100.0 |   N/A |   N/A | 100.0 | 145.8
               +-------+-------+-------+-------+-------+----------------------

Skill      XL: |  1  2  3  4  5  6  7 |
---------------+----------------------+-----
Poison Magic   | 4 5 |  5.4
Stealth        | 3 4 |  4.5
Conjurations   | 2 3 |  3.5
Short Blades   | 1 2 |  2.0
Spellcasting   | 3 |  3.6
Dodging        | 3 |  3.1

Action                   |  1- 3 |  4- 6 |  7- 9 || total
-------------------------+-------+-------+-------++-------
Melee: Dagger            |    65 |    68 |    16 ||   149
       Constrict         |    15 |    21 |     4 ||    40
       Tentacles         |     8 |     9 |     3 ||    20
 Cast: Sting             |    24 |    38 |     5 ||    67
       Poisonous Vapours |       |     1 |       ||     1
       Mephitic Cloud    |       |     4 |       ||     4
       Olgreb's Toxic Ra |       |       |     1 ||     1
 Stab: Sleeping          |     9 |     4 |     3 ||    16
       Confused          |       |     1 |       ||     1
  Eat: Chunk             |     3 |     9 |     1 ||    13
Armor: Skin              |    16 |     1 |     1 ||    18
Dodge: Dodged            |    75 |    46 |     7 ||   128

Vanquished Creatures
  A howler monkey (D:4)
  2 hounds (D:4)
  An orc priest (D:4)
  A jelly (D:2)
  Ijyb (D:3)
  Natasha (thrice) (D:3)
  An iguana (D:4)
  3 worker ants (D:4)
  6 gnolls
  3 adders (D:3)
  A worm (D:4)
  A dart slug (D:1)
  A leopard gecko (D:2)
  5 orcs
  2 giant cockroaches
  5 goblins
  4 hobgoblins
  6 jackals (D:4)
  A quokka (D:3)
  13 bats
  3 frilled lizards
  A jackal skeleton (D:5)
  9 kobolds
  5 rats
79 creatures vanquished.
